[ PARTIDA AOE2 · #469387778 ]
UnrankedVikingos vs None
Equipo del jugador · DERR
Equipo rival · VICT
[ ANÁLISIS DE REPETICIÓN · EXTRAÍDO DE LA PARTIDA GRABADA ]
Feudal
—
Castillos
—
Imperial
—
| APM promedio | 26.0 |
| APM pico | 54 |
| eAPM promedio | 20.0 |
| Aldeanos / militares | 0 / 2048 |
Foco
⚔️ 97.3% · 🌾 2.7%
Knight ×1050 · Archer ×877 · Battering Ram ×116 · Skirmisher ×5
Feudal
—
Castillos
—
Imperial
—
| APM promedio | 11.0 |
| APM pico | 39 |
| eAPM promedio | 9.8 |
| Aldeanos / militares | 0 / 863 |
Foco
⚔️ 95.8% · 🌾 4.2%
Archer ×585 · Steppe Lancer ×278
Feudal
—
Castillos
—
Imperial
—
| APM promedio | 3.0 |
| APM pico | 23 |
| eAPM promedio | 1.1 |
| Aldeanos / militares | 0 / 0 |
Foco
⚔️ 100.0% · 🌾 0.0%
Feudal
—
Castillos
—
Imperial
—
| APM promedio | 10.3 |
| APM pico | 20 |
| eAPM promedio | 3.9 |
| Aldeanos / militares | 0 / 0 |
Foco
⚔️ 98.8% · 🌾 1.2%
Feudal
—
Castillos
—
Imperial
—
| APM promedio | 18.0 |
| APM pico | 45 |
| eAPM promedio | 16.3 |
| Aldeanos / militares | 0 / 1895 |
Foco
⚔️ 93.8% · 🌾 6.2%
Militia ×752 · Elephant Archer ×564 · Hand Cannoneer ×450 · Armored Elephant ×89 · Archer ×40
Feudal
—
Castillos
—
Imperial
—
| APM promedio | 23.9 |
| APM pico | 66 |
| eAPM promedio | 14.4 |
| Aldeanos / militares | 0 / 402 |
Foco
⚔️ 98.3% · 🌾 1.7%
Knight ×402
Feudal
—
Castillos
—
Imperial
—
| APM promedio | 24.7 |
| APM pico | 55 |
| eAPM promedio | 10.7 |
| Aldeanos / militares | 0 / 750 |
Foco
⚔️ 97.1% · 🌾 2.9%
Camel Scout ×750
Feudal
—
Castillos
—
Imperial
—
| APM promedio | 14.8 |
| APM pico | 68 |
| eAPM promedio | 8.7 |
| Aldeanos / militares | 0 / 869 |
Foco
⚔️ 93.0% · 🌾 7.0%
Archer ×869
Mapa de la partida
Recursos iniciales + cada clic de construcción. Líneas = muros · curvas = relieve. ◆ oro · ⬟ piedra · ● bayas · ✦ reliquia · ◌ hueco del cierre
Tu base· Abierta
Base de RC3D· Abierta
Base de SirOPL· Abierta
Base de MR. COLO· ✓ Separados por el mapa
Base de Mike Rotch· Abierta
Base de Lanchita· ✓ Separados por el mapa
Base de [TkT] KkLoTo· Abierta
Base de fernando.endo· Abierta
Terreno inicial suavizado · ◌ = hueco del cierre detectado · pasá el cursor para detalles
Inputs por minuto
— ice_tea91 - - RC3D
Build order — ice_tea91
Primeras 150 de 513 acciones detectadas
| 5:27 | Construir | Archery Range |
| 5:34 | Construir | Archery Range |
| 5:35 | Construir | Archery Range |
| 5:42 | Construir | Archery Range |
| 5:45 | Construir | Stable |
| 5:47 | Construir | Stable |
| 5:49 | Construir | Stable |
| 5:50 | Construir | Stable |
| 5:52 | Construir | Archery Range |
| 6:39 | Investigar | Iron Casting |
| 6:40 | Investigar | Chain Mail Armor |
| 6:40 | Investigar | Chain Barding Armor |
| 6:41 | Investigar | Bodkin Arrow |
| 6:41 | Investigar | Leather Archer Armor |
| 6:44 | Investigar | Treadmill Crane |
| 6:45 | Investigar | Ballistics |
| 6:48 | Investigar | Crossbowman (upgrade) |
| 7:04 | Construir | Stable |
| 7:06 | Construir | Stable |
| 7:07 | Construir | Archery Range |
| 7:20 | Crear | Archer ×5 |
| 7:21 | Crear | Archer ×5 |
| 7:21 | Crear | Archer ×5 |
| 7:21 | Crear | Archer ×5 |
| 7:21 | Crear | Archer ×5 |
| 7:21 | Crear | Archer ×5 |
| 7:22 | Crear | Archer ×5 |
| 7:22 | Crear | Archer ×5 |
| 7:22 | Crear | Archer ×5 |
| 7:22 | Crear | Archer ×5 |
| 7:22 | Crear | Archer ×4 |
| 7:23 | Crear | Archer |
| 7:43 | Crear | Knight ×5 |
| 7:43 | Crear | Knight ×5 |
| 7:43 | Crear | Knight ×5 |
| 7:44 | Crear | Knight ×5 |
| 7:44 | Crear | Knight ×5 |
| 8:08 | Crear | Skirmisher ×5 |
| 8:16 | Crear | Archer ×5 |
| 8:16 | Crear | Archer ×5 |
| 8:16 | Crear | Archer ×5 |
| 8:16 | Crear | Archer ×5 |
| 8:17 | Crear | Archer ×5 |
| 8:17 | Crear | Archer ×5 |
| 8:18 | Crear | Archer |
| 8:18 | Crear | Archer |
| 8:18 | Crear | Archer |
| 9:08 | Crear | Archer ×4 |
| 9:08 | Crear | Archer ×4 |
| 9:09 | Crear | Archer ×2 |
| 9:09 | Crear | Archer ×2 |
| 9:09 | Crear | Archer ×2 |
| 9:10 | Crear | Archer |
| 9:11 | Crear | Archer |
| 9:12 | Crear | Knight ×5 |
| 9:12 | Crear | Knight ×5 |
| 9:13 | Crear | Knight ×5 |
| 9:13 | Crear | Knight ×5 |
| 9:13 | Crear | Knight ×5 |
| 9:13 | Crear | Knight ×3 |
| 9:46 | Crear | Knight ×5 |
| 9:46 | Crear | Knight ×5 |
| 9:46 | Crear | Knight ×5 |
| 9:47 | Crear | Knight ×5 |
| 9:47 | Crear | Knight ×2 |
| 9:54 | Crear | Archer ×5 |
| 9:54 | Crear | Archer ×5 |
| 10:10 | Construir | Stone Wall |
| 11:32 | Crear | Knight ×5 |
| 11:33 | Crear | Knight ×5 |
| 11:33 | Crear | Knight ×5 |
| 11:33 | Crear | Knight ×5 |
| 11:33 | Crear | Knight ×5 |
| 11:34 | Crear | Knight ×5 |
| 11:36 | Crear | Knight ×5 |
| 11:36 | Crear | Knight ×5 |
| 11:36 | Crear | Knight ×5 |
| 11:51 | Crear | Knight ×3 |
| 11:51 | Crear | Knight ×3 |
| 11:52 | Crear | Knight ×3 |
| 11:58 | Crear | Archer ×5 |
| 11:58 | Crear | Archer ×5 |
| 11:58 | Crear | Archer ×5 |
| 11:59 | Crear | Archer ×5 |
| 11:59 | Crear | Archer ×5 |
| 11:59 | Crear | Archer ×5 |
| 12:26 | Crear | Knight ×5 |
| 12:27 | Crear | Knight ×5 |
| 12:27 | Crear | Knight ×5 |
| 12:27 | Crear | Knight ×5 |
| 12:27 | Crear | Knight ×5 |
| 12:28 | Crear | Knight ×5 |
| 12:28 | Crear | Knight ×5 |
| 12:34 | Construir | Stable |
| 12:35 | Construir | Stable |
| 12:36 | Construir | Archery Range |
| 12:51 | Crear | Archer ×5 |
| 12:52 | Crear | Archer ×5 |
| 12:52 | Crear | Archer ×5 |
| 12:52 | Crear | Archer ×5 |
| 12:52 | Crear | Archer ×5 |
| 12:53 | Crear | Archer ×5 |
| 12:53 | Crear | Archer |
| 13:15 | Crear | Archer ×5 |
| 13:15 | Crear | Archer ×5 |
| 13:15 | Crear | Archer ×5 |
| 13:15 | Crear | Archer ×5 |
| 13:16 | Crear | Archer ×5 |
| 13:16 | Crear | Archer ×5 |
| 13:16 | Crear | Archer |
| 13:20 | Crear | Knight ×5 |
| 13:21 | Crear | Knight ×5 |
| 13:21 | Crear | Knight ×5 |
| 13:21 | Crear | Knight ×5 |
| 13:21 | Crear | Knight |
| 13:23 | Crear | Knight ×5 |
| 13:24 | Crear | Knight ×5 |
| 13:24 | Crear | Knight ×5 |
| 13:24 | Crear | Knight ×5 |
| 13:24 | Crear | Knight ×5 |
| 13:59 | Crear | Archer ×5 |
| 13:59 | Crear | Archer ×5 |
| 13:59 | Crear | Archer ×5 |
| 14:00 | Crear | Archer ×5 |
| 14:00 | Crear | Archer ×5 |
| 14:00 | Crear | Archer ×2 |
| 14:00 | Crear | Archer ×2 |
| 14:08 | Crear | Knight ×5 |
| 14:09 | Crear | Knight ×5 |
| 14:09 | Crear | Knight ×5 |
| 14:09 | Crear | Knight ×5 |
| 14:09 | Crear | Knight ×5 |
| 14:10 | Crear | Knight ×5 |
| 14:10 | Crear | Knight ×5 |
| 14:52 | Crear | Knight ×5 |
| 14:52 | Crear | Knight ×5 |
| 14:53 | Crear | Knight ×5 |
| 14:53 | Crear | Knight ×5 |
| 14:53 | Crear | Knight ×5 |
| 14:53 | Crear | Knight |
| 14:54 | Crear | Knight |
| 14:56 | Crear | Archer ×5 |
| 14:56 | Crear | Archer ×5 |
| 14:56 | Crear | Archer ×5 |
| 14:56 | Crear | Archer ×4 |
| 14:57 | Crear | Archer ×4 |
| 15:00 | Crear | Archer ×2 |
| 16:18 | Crear | Archer ×5 |
| 16:18 | Crear | Archer ×5 |
| 16:18 | Crear | Archer ×5 |
Build order — RC3D
Primeras 150 de 251 acciones detectadas
| 11:45 | Construir | Archery Range |
| 11:47 | Construir | Archery Range |
| 11:48 | Construir | Archery Range |
| 11:50 | Construir | Archery Range |
| 11:57 | Construir | Archery Range |
| 12:00 | Construir | Archery Range |
| 12:08 | Construir | Archery Range |
| 12:11 | Construir | Archery Range |
| 12:16 | Construir | Archery Range |
| 12:19 | Construir | Archery Range |
| 12:21 | Construir | Archery Range |
| 12:23 | Construir | Archery Range |
| 12:26 | Construir | Archery Range |
| 12:29 | Construir | Archery Range |
| 12:31 | Construir | Archery Range |
| 12:34 | Construir | Archery Range |
| 13:53 | Construir | Stone Wall |
| 17:46 | Construir | Stone Wall |
| 21:21 | Construir | Archery Range |
| 21:23 | Construir | Archery Range |
| 21:25 | Construir | Archery Range |
| 21:26 | Construir | Archery Range |
| 21:30 | Construir | Archery Range |
| 21:32 | Construir | Archery Range |
| 21:34 | Construir | Archery Range |
| 21:36 | Construir | Archery Range |
| 22:06 | Construir | Archery Range |
| 22:10 | Construir | Archery Range |
| 22:12 | Construir | Archery Range |
| 22:15 | Construir | Archery Range |
| 22:17 | Construir | Archery Range |
| 23:21 | Investigar | Silk Armor |
| 23:26 | Investigar | Elite Skirmisher (upgrade) |
| 23:27 | Investigar | Crossbowman (upgrade) |
| 23:31 | Investigar | Bodkin Arrow |
| 23:31 | Investigar | Leather Archer Armor |
| 23:32 | Investigar | Iron Casting |
| 23:33 | Investigar | Chain Barding Armor |
| 23:37 | Investigar | Treadmill Crane |
| 23:38 | Investigar | Ballistics |
| 23:39 | Investigar | Guard Tower (upgrade) |
| 23:39 | Investigar | Tech 908 |
| 23:40 | Investigar | Careening |
| 24:10 | Crear | Archer ×5 |
| 24:10 | Crear | Archer ×5 |
| 24:10 | Crear | Archer ×5 |
| 24:11 | Crear | Archer ×5 |
| 24:11 | Crear | Archer ×5 |
| 24:11 | Crear | Archer ×5 |
| 24:12 | Crear | Archer ×5 |
| 24:12 | Crear | Archer ×5 |
| 24:13 | Crear | Archer ×5 |
| 24:13 | Crear | Archer ×5 |
| 24:13 | Crear | Archer ×5 |
| 24:14 | Crear | Archer ×5 |
| 24:14 | Crear | Archer ×5 |
| 24:15 | Crear | Archer ×5 |
| 24:15 | Crear | Archer ×5 |
| 24:15 | Crear | Archer ×5 |
| 24:16 | Crear | Archer ×5 |
| 24:16 | Crear | Archer ×5 |
| 24:17 | Crear | Archer ×5 |
| 24:17 | Crear | Archer ×5 |
| 24:18 | Crear | Archer ×5 |
| 24:18 | Crear | Archer ×5 |
| 24:18 | Crear | Archer ×5 |
| 24:19 | Crear | Archer ×5 |
| 24:19 | Crear | Archer ×5 |
| 24:20 | Crear | Archer ×5 |
| 24:20 | Crear | Archer ×5 |
| 24:21 | Crear | Archer ×5 |
| 24:21 | Crear | Archer ×5 |
| 24:21 | Crear | Archer ×5 |
| 24:22 | Crear | Archer ×5 |
| 24:22 | Crear | Archer ×5 |
| 24:23 | Crear | Archer ×5 |
| 24:23 | Crear | Archer ×5 |
| 24:24 | Crear | Archer ×5 |
| 24:24 | Crear | Archer ×5 |
| 25:37 | Crear | Archer ×5 |
| 25:38 | Crear | Archer ×5 |
| 25:38 | Crear | Archer ×5 |
| 25:38 | Crear | Archer ×5 |
| 25:39 | Crear | Archer ×5 |
| 25:39 | Crear | Archer ×5 |
| 25:39 | Crear | Archer ×5 |
| 25:40 | Crear | Archer ×5 |
| 25:40 | Crear | Archer ×5 |
| 25:40 | Crear | Archer ×5 |
| 25:41 | Crear | Archer ×5 |
| 25:41 | Crear | Archer ×5 |
| 25:42 | Crear | Archer ×5 |
| 25:42 | Crear | Archer ×5 |
| 25:42 | Crear | Archer ×5 |
| 25:43 | Crear | Archer ×5 |
| 25:43 | Crear | Archer ×5 |
| 25:43 | Crear | Archer ×5 |
| 26:27 | Construir | Stable |
| 26:30 | Construir | Stable |
| 26:35 | Construir | Stable |
| 26:41 | Construir | Stable |
| 26:45 | Construir | Stable |
| 26:47 | Construir | Stable |
| 26:51 | Construir | Stable |
| 26:54 | Construir | Stable |
| 26:56 | Construir | Stable |
| 26:58 | Construir | Stable |
| 27:03 | Construir | Stable |
| 27:07 | Construir | Stable |
| 27:12 | Construir | Stable |
| 27:26 | Crear | Archer ×5 |
| 27:27 | Crear | Archer ×5 |
| 27:27 | Crear | Archer ×5 |
| 27:27 | Crear | Archer ×5 |
| 27:28 | Crear | Archer ×5 |
| 27:28 | Crear | Archer ×5 |
| 27:28 | Crear | Archer ×5 |
| 27:29 | Crear | Archer ×5 |
| 27:29 | Crear | Archer ×5 |
| 27:29 | Crear | Archer ×5 |
| 27:30 | Crear | Archer ×5 |
| 27:30 | Crear | Archer ×5 |
| 27:31 | Crear | Archer ×5 |
| 27:31 | Crear | Archer ×5 |
| 27:32 | Crear | Archer ×5 |
| 27:32 | Crear | Archer ×5 |
| 27:32 | Crear | Archer ×5 |
| 27:33 | Crear | Archer ×5 |
| 27:33 | Crear | Archer ×5 |
| 27:34 | Crear | Archer ×5 |
| 27:34 | Crear | Archer ×5 |
| 27:35 | Crear | Archer ×5 |
| 27:35 | Crear | Archer ×5 |
| 27:35 | Crear | Archer ×5 |
| 27:36 | Crear | Archer ×5 |
| 27:36 | Crear | Archer ×5 |
| 27:37 | Crear | Archer ×5 |
| 28:52 | Investigar | Light Cavalry (upgrade) |
| 28:53 | Investigar | Bloodlines |
| 28:54 | Investigar | Husbandry |
| 29:46 | Crear | Archer ×5 |
| 29:46 | Crear | Archer ×5 |
| 29:47 | Crear | Archer ×5 |
| 29:47 | Crear | Archer ×5 |
| 29:48 | Crear | Archer ×5 |
| 29:48 | Crear | Archer ×5 |
| 29:48 | Crear | Archer ×5 |
| 29:49 | Crear | Archer ×5 |
| 29:49 | Crear | Archer ×5 |
| 29:50 | Crear | Archer ×5 |
Build order — SirOPL
0 acciones detectadas en el replay
Build order — MR. COLO
16 acciones detectadas en el replay
| 15:11 | Investigar | Iron Casting |
| 15:13 | Investigar | Chain Barding Armor |
| 15:25 | Investigar | Ballistas |
| 15:29 | Investigar | Bodkin Arrow |
| 15:35 | Investigar | Ballistics |
| 25:11 | Investigar | Chain Mail Armor |
| 26:49 | Investigar | Comitatenses |
| 26:52 | Investigar | Conscription |
| 26:53 | Investigar | Elite Centurion (upgrade) |
| 27:00 | Investigar | Plate Barding Armor |
| 27:01 | Investigar | Blast Furnace |
| 27:05 | Investigar | Chemistry |
| 27:06 | Investigar | Siege Engineers |
| 27:31 | Investigar | Conscription |
| 27:38 | Investigar | Conscription |
| 30:04 | Investigar | Spies/Treason |
Build order — Mike Rotch
Primeras 150 de 450 acciones detectadas
| 6:52 | Construir | Archery Range |
| 6:54 | Construir | Archery Range |
| 6:55 | Construir | Archery Range |
| 6:57 | Construir | Archery Range |
| 10:08 | Investigar | Chain Mail Armor |
| 10:09 | Investigar | Iron Casting |
| 10:10 | Investigar | Bodkin Arrow |
| 10:11 | Investigar | Leather Archer Armor |
| 10:15 | Construir | Archery Range |
| 10:19 | Crear | Elephant Archer ×5 |
| 10:19 | Crear | Elephant Archer ×5 |
| 10:19 | Crear | Elephant Archer ×5 |
| 10:20 | Crear | Elephant Archer ×5 |
| 10:20 | Crear | Elephant Archer ×5 |
| 10:20 | Crear | Elephant Archer ×5 |
| 10:21 | Crear | Elephant Archer ×5 |
| 10:21 | Crear | Elephant Archer ×5 |
| 10:21 | Crear | Elephant Archer ×5 |
| 10:22 | Crear | Elephant Archer ×5 |
| 10:22 | Crear | Elephant Archer ×5 |
| 10:22 | Crear | Elephant Archer ×5 |
| 10:22 | Crear | Elephant Archer ×5 |
| 10:45 | Construir | Archery Range |
| 10:47 | Construir | Archery Range |
| 10:57 | Crear | Elephant Archer ×4 |
| 11:30 | Crear | Elephant Archer ×5 |
| 11:32 | Crear | Elephant Archer ×5 |
| 11:54 | Construir | Archery Range |
| 11:55 | Construir | Archery Range |
| 11:58 | Construir | Archery Range |
| 12:12 | Crear | Elephant Archer ×5 |
| 12:13 | Crear | Elephant Archer ×5 |
| 12:13 | Crear | Elephant Archer ×5 |
| 12:14 | Crear | Elephant Archer ×5 |
| 12:37 | Investigar | Chain Barding Armor |
| 12:40 | Investigar | Ballistics |
| 12:41 | Investigar | Guard Tower (upgrade) |
| 12:42 | Investigar | Medical Corps |
| 13:04 | Construir | Archery Range |
| 13:11 | Crear | Elephant Archer ×5 |
| 13:13 | Crear | Elephant Archer ×5 |
| 13:14 | Crear | Elephant Archer ×5 |
| 13:14 | Crear | Elephant Archer ×5 |
| 13:51 | Investigar | Crossbowman (upgrade) |
| 13:52 | Investigar | Thumb Ring |
| 13:53 | Crear | Archer ×5 |
| 13:53 | Crear | Archer ×5 |
| 13:57 | Crear | Archer ×5 |
| 14:17 | Crear | Archer ×5 |
| 14:17 | Crear | Archer ×5 |
| 14:18 | Crear | Archer ×5 |
| 14:18 | Crear | Archer ×5 |
| 14:19 | Crear | Archer ×5 |
| 14:23 | Construir | Archery Range |
| 14:25 | Construir | Archery Range |
| 14:45 | Construir | Barracks |
| 14:46 | Construir | Barracks |
| 14:47 | Construir | Barracks |
| 15:15 | Investigar | Elite Elephant Archer (upgrade) |
| 15:16 | Investigar | Arbalester (upgrade) |
| 15:18 | Crear | Elephant Archer ×5 |
| 15:18 | Crear | Elephant Archer ×5 |
| 15:18 | Crear | Elephant Archer ×5 |
| 15:19 | Crear | Elephant Archer ×5 |
| 15:19 | Crear | Elephant Archer ×5 |
| 15:19 | Crear | Elephant Archer ×5 |
| 15:24 | Investigar | Chemistry |
| 15:24 | Investigar | Keep (upgrade) |
| 15:26 | Investigar | Wootz Steel |
| 15:30 | Investigar | Conscription |
| 15:38 | Crear | Elephant Archer ×5 |
| 15:38 | Crear | Elephant Archer ×5 |
| 15:38 | Crear | Elephant Archer ×5 |
| 15:39 | Crear | Elephant Archer ×5 |
| 15:53 | Investigar | Arrowslits |
| 15:58 | Investigar | Elite Urumi Swordsman (upgrade) |
| 15:59 | Investigar | Spies/Treason |
| 16:20 | Crear | Elephant Archer ×5 |
| 16:32 | Investigar | Gambesons |
| 16:33 | Investigar | Long Swordsman (upgrade) |
| 16:35 | Investigar | Squires |
| 16:36 | Investigar | Arson |
| 16:46 | Construir | Barracks |
| 16:49 | Construir | Barracks |
| 16:51 | Construir | Barracks |
| 17:04 | Crear | Militia ×5 |
| 17:19 | Investigar | Bombard Tower (upgrade) |
| 17:45 | Crear | Hand Cannoneer ×5 |
| 17:46 | Crear | Hand Cannoneer ×5 |
| 17:49 | Crear | Hand Cannoneer ×5 |
| 17:57 | Crear | Hand Cannoneer ×5 |
| 17:57 | Crear | Hand Cannoneer ×5 |
| 17:58 | Crear | Hand Cannoneer ×5 |
| 17:58 | Crear | Hand Cannoneer ×5 |
| 17:58 | Crear | Hand Cannoneer ×5 |
| 17:59 | Crear | Hand Cannoneer ×5 |
| 17:59 | Crear | Hand Cannoneer ×5 |
| 17:59 | Crear | Hand Cannoneer ×5 |
| 18:17 | Investigar | Two-Handed Swordsman (upgrade) |
| 18:19 | Crear | Militia ×5 |
| 18:20 | Crear | Militia ×5 |
| 18:22 | Crear | Militia ×5 |
| 18:22 | Crear | Militia ×5 |
| 18:30 | Construir | Barracks |
| 19:12 | Investigar | Champion (upgrade) |
| 19:13 | Crear | Militia ×5 |
| 19:14 | Crear | Militia ×5 |
| 19:14 | Crear | Militia ×5 |
| 19:14 | Crear | Militia ×5 |
| 19:15 | Crear | Militia ×5 |
| 19:15 | Crear | Militia ×5 |
| 19:16 | Crear | Militia ×5 |
| 19:16 | Crear | Militia ×5 |
| 19:16 | Crear | Militia ×5 |
| 19:17 | Crear | Militia ×5 |
| 19:17 | Crear | Militia ×5 |
| 19:22 | Construir | Barracks |
| 19:28 | Construir | Archery Range |
| 19:30 | Construir | Archery Range |
| 20:09 | Crear | Militia ×5 |
| 20:09 | Crear | Militia ×5 |
| 20:09 | Crear | Militia ×5 |
| 20:10 | Crear | Militia ×5 |
| 20:10 | Crear | Militia ×5 |
| 20:10 | Crear | Militia ×5 |
| 20:13 | Crear | Elephant Archer ×5 |
| 20:13 | Crear | Elephant Archer ×5 |
| 20:14 | Crear | Hand Cannoneer ×5 |
| 20:14 | Crear | Hand Cannoneer ×5 |
| 20:15 | Crear | Hand Cannoneer ×5 |
| 20:15 | Crear | Hand Cannoneer ×5 |
| 20:15 | Crear | Hand Cannoneer ×5 |
| 20:16 | Crear | Elephant Archer ×5 |
| 20:16 | Crear | Elephant Archer ×5 |
| 20:16 | Crear | Elephant Archer ×5 |
| 20:17 | Crear | Elephant Archer ×5 |
| 20:17 | Crear | Elephant Archer ×5 |
| 20:17 | Crear | Elephant Archer ×5 |
| 20:18 | Crear | Hand Cannoneer ×5 |
| 20:18 | Crear | Elephant Archer ×5 |
| 20:18 | Crear | Elephant Archer ×5 |
| 20:18 | Crear | Hand Cannoneer ×5 |
| 20:34 | Crear | Elephant Archer ×5 |
| 20:35 | Crear | Elephant Archer ×5 |
| 20:35 | Crear | Elephant Archer ×5 |
| 20:35 | Crear | Elephant Archer ×5 |
| 20:36 | Crear | Elephant Archer ×5 |
| 20:36 | Crear | Elephant Archer ×5 |
| 21:02 | Construir | Barracks |
| 21:04 | Construir | Barracks |
Build order — Lanchita
119 acciones detectadas en el replay
| 11:32 | Construir | Stable |
| 11:35 | Construir | Stable |
| 11:38 | Construir | Stable |
| 11:41 | Construir | Stable |
| 12:07 | Construir | Stone Wall |
| 15:19 | Construir | Stable |
| 15:21 | Construir | Stable |
| 15:24 | Construir | Stable |
| 15:27 | Construir | Stable |
| 16:17 | Construir | Stable |
| 16:22 | Construir | Stable |
| 16:24 | Construir | Stable |
| 16:26 | Construir | Stable |
| 17:25 | Construir | Stable |
| 17:29 | Construir | Stable |
| 17:33 | Construir | Stable |
| 17:40 | Construir | Stable |
| 17:43 | Construir | Stable |
| 21:23 | Investigar | Husbandry |
| 21:23 | Investigar | Husbandry |
| 21:24 | Investigar | Light Cavalry (upgrade) |
| 21:25 | Investigar | Light Cavalry (upgrade) |
| 21:25 | Investigar | Light Cavalry (upgrade) |
| 21:29 | Investigar | Ballistics |
| 21:29 | Investigar | Guard Tower (upgrade) |
| 21:30 | Investigar | Tech 909 |
| 21:31 | Investigar | Tech 908 |
| 21:32 | Investigar | Careening |
| 21:35 | Investigar | Chain Barding Armor |
| 21:36 | Investigar | Chain Mail Armor |
| 21:37 | Investigar | Iron Casting |
| 21:37 | Investigar | Bodkin Arrow |
| 21:38 | Investigar | Leather Archer Armor |
| 21:43 | Crear | Knight ×5 |
| 21:43 | Crear | Knight ×5 |
| 21:44 | Crear | Knight ×5 |
| 21:44 | Crear | Knight ×5 |
| 21:44 | Crear | Knight ×5 |
| 21:45 | Crear | Knight ×5 |
| 21:45 | Crear | Knight ×5 |
| 21:45 | Crear | Knight ×5 |
| 21:46 | Crear | Knight ×5 |
| 21:46 | Crear | Knight ×5 |
| 21:46 | Crear | Knight ×5 |
| 21:46 | Crear | Knight ×5 |
| 21:47 | Crear | Knight ×5 |
| 21:47 | Crear | Knight ×5 |
| 21:47 | Crear | Knight ×5 |
| 21:48 | Crear | Knight ×5 |
| 23:17 | Crear | Knight ×5 |
| 23:18 | Crear | Knight ×5 |
| 23:18 | Crear | Knight ×5 |
| 23:18 | Crear | Knight ×5 |
| 23:18 | Crear | Knight ×5 |
| 23:19 | Crear | Knight ×5 |
| 23:19 | Crear | Knight ×5 |
| 23:20 | Crear | Knight ×5 |
| 23:54 | Crear | Knight ×5 |
| 23:55 | Crear | Knight ×5 |
| 23:55 | Crear | Knight ×5 |
| 23:55 | Crear | Knight ×5 |
| 23:56 | Crear | Knight ×5 |
| 23:56 | Crear | Knight ×5 |
| 23:56 | Crear | Knight ×5 |
| 23:57 | Crear | Knight ×5 |
| 23:57 | Crear | Knight ×5 |
| 23:57 | Crear | Knight ×5 |
| 23:58 | Crear | Knight ×5 |
| 23:58 | Crear | Knight ×5 |
| 23:58 | Crear | Knight ×5 |
| 23:59 | Crear | Knight ×5 |
| 23:59 | Crear | Knight ×5 |
| 23:59 | Crear | Knight ×5 |
| 23:59 | Crear | Knight ×5 |
| 24:00 | Crear | Knight ×5 |
| 24:00 | Crear | Knight ×5 |
| 24:00 | Crear | Knight ×5 |
| 24:01 | Crear | Knight ×5 |
| 24:01 | Crear | Knight ×5 |
| 24:01 | Crear | Knight ×5 |
| 24:02 | Crear | Knight ×5 |
| 24:02 | Crear | Knight ×5 |
| 24:49 | Crear | Knight ×5 |
| 24:49 | Crear | Knight ×5 |
| 24:49 | Crear | Knight ×5 |
| 24:50 | Crear | Knight ×5 |
| 24:50 | Crear | Knight ×5 |
| 24:51 | Crear | Knight ×5 |
| 24:51 | Crear | Knight ×5 |
| 24:51 | Crear | Knight ×5 |
| 24:51 | Crear | Knight ×5 |
| 24:52 | Crear | Knight ×5 |
| 24:52 | Crear | Knight ×5 |
| 24:52 | Crear | Knight ×5 |
| 26:00 | Crear | Knight ×5 |
| 26:01 | Crear | Knight ×5 |
| 26:01 | Crear | Knight ×5 |
| 26:01 | Crear | Knight ×5 |
| 26:02 | Crear | Knight ×5 |
| 26:02 | Crear | Knight ×5 |
| 26:02 | Crear | Knight ×5 |
| 26:03 | Crear | Knight ×5 |
| 26:03 | Crear | Knight ×5 |
| 26:03 | Crear | Knight ×5 |
| 26:03 | Crear | Knight ×5 |
| 26:04 | Crear | Knight ×5 |
| 26:04 | Crear | Knight ×5 |
| 26:04 | Crear | Knight |
| 26:05 | Crear | Knight |
| 26:31 | Crear | Knight ×5 |
| 26:32 | Crear | Knight ×5 |
| 26:32 | Crear | Knight ×5 |
| 26:32 | Crear | Knight ×5 |
| 26:33 | Crear | Knight ×5 |
| 26:33 | Crear | Knight ×5 |
| 27:17 | Construir | Stable |
| 27:56 | Construir | Stable |
| 27:58 | Construir | Stable |
| 28:01 | Construir | Stable |
Build order — [TkT] KkLoTo
Primeras 150 de 237 acciones detectadas
| 16:31 | Investigar | Bodkin Arrow |
| 16:32 | Investigar | Chain Barding Armor |
| 16:33 | Investigar | Chain Mail Armor |
| 16:33 | Investigar | Leather Archer Armor |
| 16:37 | Investigar | Ballistics |
| 16:38 | Investigar | Treadmill Crane |
| 16:38 | Investigar | Guard Tower (upgrade) |
| 16:39 | Investigar | Tech 908 |
| 16:40 | Investigar | Careening |
| 16:41 | Investigar | Tigui |
| 21:14 | Construir | Archery Range |
| 21:16 | Construir | Archery Range |
| 21:18 | Construir | Archery Range |
| 21:20 | Construir | Archery Range |
| 21:26 | Construir | Archery Range |
| 21:28 | Construir | Archery Range |
| 21:30 | Construir | Archery Range |
| 21:33 | Construir | Archery Range |
| 22:14 | Construir | Stable |
| 22:16 | Construir | Stable |
| 22:18 | Construir | Stable |
| 22:30 | Construir | Stable |
| 22:32 | Construir | Stable |
| 23:13 | Investigar | Thumb Ring |
| 23:14 | Investigar | Crossbowman (upgrade) |
| 23:26 | Investigar | Husbandry |
| 23:30 | Investigar | Bloodlines |
| 24:14 | Crear | Camel Scout ×5 |
| 24:15 | Crear | Camel Scout ×5 |
| 24:15 | Crear | Camel Scout ×5 |
| 24:15 | Crear | Camel Scout ×5 |
| 24:16 | Crear | Camel Scout ×5 |
| 24:16 | Crear | Camel Scout ×5 |
| 24:17 | Crear | Camel Scout ×5 |
| 24:17 | Crear | Camel Scout ×5 |
| 24:17 | Crear | Camel Scout ×5 |
| 24:17 | Crear | Camel Scout ×5 |
| 24:18 | Crear | Camel Scout ×5 |
| 24:18 | Crear | Camel Scout ×5 |
| 24:18 | Crear | Camel Scout ×5 |
| 24:19 | Crear | Camel Scout ×4 |
| 24:19 | Crear | Camel Scout ×4 |
| 24:25 | Construir | Stable |
| 24:29 | Construir | Stable |
| 24:31 | Construir | Stable |
| 25:06 | Crear | Camel Scout ×5 |
| 25:06 | Crear | Camel Scout ×5 |
| 25:07 | Crear | Camel Scout ×5 |
| 25:07 | Crear | Camel Scout ×5 |
| 25:07 | Crear | Camel Scout ×5 |
| 25:07 | Crear | Camel Scout ×4 |
| 25:08 | Crear | Camel Scout ×4 |
| 25:38 | Construir | Stable |
| 25:44 | Construir | Stable |
| 25:46 | Construir | Stable |
| 25:48 | Construir | Stable |
| 25:50 | Construir | Stable |
| 25:52 | Construir | Stable |
| 25:54 | Construir | Stable |
| 26:00 | Crear | Camel Scout ×5 |
| 26:00 | Crear | Camel Scout ×5 |
| 26:01 | Crear | Camel Scout ×5 |
| 26:01 | Crear | Camel Scout ×5 |
| 26:01 | Crear | Camel Scout ×5 |
| 26:01 | Crear | Camel Scout ×5 |
| 26:02 | Crear | Camel Scout ×5 |
| 26:02 | Crear | Camel Scout ×5 |
| 26:02 | Crear | Camel Scout ×5 |
| 26:56 | Crear | Camel Scout ×5 |
| 26:56 | Crear | Camel Scout ×5 |
| 26:57 | Crear | Camel Scout ×5 |
| 26:57 | Crear | Camel Scout ×5 |
| 26:57 | Crear | Camel Scout ×5 |
| 26:57 | Crear | Camel Scout ×5 |
| 26:58 | Crear | Camel Scout ×5 |
| 26:58 | Crear | Camel Scout ×5 |
| 26:58 | Crear | Camel Scout ×5 |
| 26:58 | Crear | Camel Scout ×5 |
| 26:59 | Crear | Camel Scout ×5 |
| 27:51 | Crear | Camel Scout ×5 |
| 27:51 | Crear | Camel Scout ×5 |
| 27:52 | Crear | Camel Scout ×5 |
| 27:52 | Crear | Camel Scout ×5 |
| 27:52 | Crear | Camel Scout ×5 |
| 27:52 | Crear | Camel Scout ×5 |
| 27:53 | Crear | Camel Scout ×5 |
| 27:54 | Crear | Camel Scout ×5 |
| 27:54 | Crear | Camel Scout ×5 |
| 27:54 | Crear | Camel Scout ×5 |
| 27:55 | Crear | Camel Scout ×5 |
| 27:56 | Crear | Camel Scout ×2 |
| 27:56 | Crear | Camel Scout ×2 |
| 27:57 | Crear | Camel Scout ×2 |
| 28:23 | Construir | Stable |
| 28:24 | Construir | Stable |
| 28:26 | Construir | Stable |
| 28:30 | Construir | Stable |
| 28:43 | Crear | Camel Scout ×5 |
| 28:44 | Crear | Camel Scout ×5 |
| 28:44 | Crear | Camel Scout ×5 |
| 28:44 | Crear | Camel Scout ×5 |
| 28:44 | Crear | Camel Scout ×5 |
| 28:45 | Crear | Camel Scout ×5 |
| 28:45 | Crear | Camel Scout ×5 |
| 28:46 | Crear | Camel Scout ×5 |
| 28:46 | Crear | Camel Scout ×5 |
| 28:46 | Crear | Camel Scout ×5 |
| 28:46 | Crear | Camel Scout ×5 |
| 28:46 | Crear | Camel Scout ×3 |
| 28:47 | Crear | Camel Scout ×3 |
| 28:48 | Crear | Camel Scout |
| 28:48 | Crear | Camel Scout |
| 29:29 | Crear | Camel Scout ×5 |
| 29:29 | Crear | Camel Scout ×5 |
| 29:30 | Crear | Camel Scout ×5 |
| 29:30 | Crear | Camel Scout ×5 |
| 29:30 | Crear | Camel Scout ×5 |
| 29:30 | Crear | Camel Scout ×5 |
| 29:31 | Crear | Camel Scout ×5 |
| 29:31 | Crear | Camel Scout ×5 |
| 29:31 | Crear | Camel Scout ×5 |
| 29:32 | Crear | Camel Scout |
| 29:32 | Crear | Camel Scout |
| 29:32 | Crear | Camel Scout |
| 30:23 | Investigar | Elite Gbeto (upgrade) |
| 30:24 | Investigar | Farimba |
| 30:26 | Investigar | Spies/Treason |
| 30:26 | Investigar | Conscription |
| 30:28 | Investigar | Sappers |
| 30:30 | Investigar | Plate Mail Armor |
| 30:31 | Investigar | Plate Barding Armor |
| 30:31 | Investigar | Ring Archer Armor |
| 30:34 | Investigar | Chemistry |
| 30:35 | Investigar | Keep (upgrade) |
| 30:36 | Investigar | Tech 907 |
| 30:36 | Investigar | Dry Dock |
| 30:40 | Investigar | Heavy Camel Rider (upgrade) |
| 30:40 | Investigar | Cavalier (upgrade) |
| 30:44 | Crear | Camel Scout ×5 |
| 30:44 | Crear | Camel Scout ×5 |
| 30:44 | Crear | Camel Scout ×5 |
| 30:44 | Crear | Camel Scout ×5 |
| 30:44 | Crear | Camel Scout ×5 |
| 30:45 | Crear | Camel Scout ×5 |
| 30:45 | Crear | Camel Scout ×5 |
| 30:46 | Crear | Camel Scout ×5 |
| 30:46 | Crear | Camel Scout ×5 |
| 30:46 | Crear | Camel Scout ×5 |
| 30:47 | Crear | Camel Scout ×5 |
| 30:47 | Crear | Camel Scout ×5 |
Build order — fernando.endo
Primeras 150 de 239 acciones detectadas
| 7:35 | Construir | Archery Range |
| 7:37 | Construir | Archery Range |
| 7:39 | Construir | Archery Range |
| 7:40 | Construir | Archery Range |
| 7:44 | Construir | Archery Range |
| 7:45 | Construir | Archery Range |
| 7:48 | Construir | Archery Range |
| 7:49 | Construir | Archery Range |
| 7:54 | Construir | Archery Range |
| 7:55 | Construir | Archery Range |
| 7:57 | Construir | Archery Range |
| 7:58 | Construir | Archery Range |
| 8:00 | Construir | Archery Range |
| 8:01 | Construir | Archery Range |
| 8:02 | Construir | Archery Range |
| 8:03 | Construir | Archery Range |
| 17:05 | Investigar | Bodkin Arrow |
| 17:05 | Investigar | Leather Archer Armor |
| 17:06 | Investigar | Chain Mail Armor |
| 17:06 | Investigar | Iron Casting |
| 17:06 | Investigar | Chain Barding Armor |
| 17:08 | Investigar | Ballistics |
| 17:12 | Investigar | Guard Tower (upgrade) |
| 17:18 | Investigar | Great Wall |
| 17:22 | Investigar | Crossbowman (upgrade) |
| 17:26 | Crear | Archer ×5 |
| 17:26 | Crear | Archer ×5 |
| 17:27 | Crear | Archer ×5 |
| 17:27 | Crear | Archer ×5 |
| 17:27 | Crear | Archer ×5 |
| 17:28 | Crear | Archer ×5 |
| 17:28 | Crear | Archer ×5 |
| 17:29 | Crear | Archer ×5 |
| 17:29 | Crear | Archer ×5 |
| 17:30 | Crear | Archer ×5 |
| 17:30 | Crear | Archer ×5 |
| 17:30 | Crear | Archer ×5 |
| 17:31 | Crear | Archer ×5 |
| 19:10 | Construir | House |
| 19:22 | Construir | Archery Range |
| 19:29 | Construir | Watch Tower |
| 19:30 | Construir | Watch Tower |
| 19:31 | Construir | Watch Tower |
| 19:32 | Construir | Watch Tower |
| 19:35 | Construir | Watch Tower |
| 19:36 | Construir | Watch Tower |
| 19:36 | Construir | Watch Tower |
| 21:53 | Crear | Archer ×5 |
| 21:53 | Crear | Archer ×5 |
| 21:54 | Crear | Archer ×5 |
| 22:31 | Crear | Archer ×5 |
| 22:31 | Crear | Archer ×5 |
| 22:31 | Crear | Archer ×5 |
| 22:32 | Crear | Archer ×5 |
| 23:52 | Crear | Archer ×5 |
| 23:52 | Crear | Archer ×5 |
| 23:53 | Crear | Archer ×5 |
| 23:53 | Crear | Archer ×5 |
| 23:53 | Crear | Archer ×5 |
| 23:54 | Crear | Archer ×5 |
| 24:46 | Crear | Archer ×5 |
| 24:47 | Crear | Archer ×5 |
| 24:47 | Crear | Archer ×5 |
| 24:47 | Crear | Archer ×5 |
| 24:48 | Crear | Archer ×5 |
| 24:48 | Crear | Archer ×5 |
| 24:48 | Crear | Archer ×5 |
| 24:49 | Crear | Archer ×5 |
| 26:40 | Crear | Archer ×5 |
| 26:40 | Crear | Archer ×5 |
| 26:40 | Crear | Archer ×5 |
| 26:41 | Crear | Archer ×5 |
| 26:41 | Crear | Archer ×5 |
| 26:41 | Crear | Archer ×5 |
| 26:42 | Crear | Archer ×5 |
| 26:42 | Crear | Archer ×5 |
| 26:42 | Crear | Archer ×5 |
| 27:13 | Investigar | Bracer |
| 27:14 | Investigar | Ring Archer Armor |
| 27:14 | Investigar | Plate Mail Armor |
| 27:14 | Investigar | Blast Furnace |
| 27:14 | Investigar | Plate Barding Armor |
| 27:18 | Investigar | Conscription |
| 27:18 | Investigar | Sappers |
| 27:20 | Investigar | Rocketry |
| 27:20 | Investigar | Elite Chu Ko Nu (upgrade) |
| 27:21 | Investigar | Spies/Treason |
| 27:25 | Investigar | Bombard Tower (upgrade) |
| 27:27 | Investigar | Keep (upgrade) |
| 27:27 | Investigar | Arrowslits |
| 27:38 | Investigar | Arbalester (upgrade) |
| 27:44 | Crear | Archer ×5 |
| 27:44 | Crear | Archer ×5 |
| 27:45 | Crear | Archer ×5 |
| 27:45 | Crear | Archer ×5 |
| 27:45 | Crear | Archer ×5 |
| 27:45 | Crear | Archer ×5 |
| 27:46 | Crear | Archer ×5 |
| 27:46 | Crear | Archer ×5 |
| 27:46 | Crear | Archer ×5 |
| 27:47 | Crear | Archer ×5 |
| 27:47 | Crear | Archer ×5 |
| 27:47 | Crear | Archer ×5 |
| 27:48 | Crear | Archer ×5 |
| 27:48 | Crear | Archer ×5 |
| 27:48 | Crear | Archer ×5 |
| 27:49 | Crear | Archer ×5 |
| 27:49 | Crear | Archer ×5 |
| 27:49 | Crear | Archer ×5 |
| 27:50 | Crear | Archer ×5 |
| 27:50 | Crear | Archer ×5 |
| 27:50 | Crear | Archer ×5 |
| 27:51 | Crear | Archer ×5 |
| 27:51 | Crear | Archer ×5 |
| 27:51 | Crear | Archer ×5 |
| 27:52 | Crear | Archer ×5 |
| 27:52 | Crear | Archer ×5 |
| 27:52 | Crear | Archer ×5 |
| 27:52 | Crear | Archer ×5 |
| 27:52 | Crear | Archer ×5 |
| 27:53 | Crear | Archer ×5 |
| 27:53 | Crear | Archer ×5 |
| 27:53 | Crear | Archer ×5 |
| 27:53 | Crear | Archer ×5 |
| 27:54 | Crear | Archer ×5 |
| 27:54 | Crear | Archer ×5 |
| 27:54 | Crear | Archer ×5 |
| 27:54 | Crear | Archer ×5 |
| 27:55 | Crear | Archer ×5 |
| 27:55 | Crear | Archer ×5 |
| 27:56 | Crear | Archer ×5 |
| 27:56 | Crear | Archer ×5 |
| 27:56 | Crear | Archer ×5 |
| 27:57 | Crear | Archer ×5 |
| 27:57 | Crear | Archer ×5 |
| 27:58 | Crear | Archer ×5 |
| 27:58 | Crear | Archer ×5 |
| 27:58 | Crear | Archer ×5 |
| 27:58 | Crear | Archer ×5 |
| 27:59 | Crear | Archer ×5 |
| 27:59 | Crear | Archer ×5 |
| 28:51 | Construir | Archery Range |
| 28:55 | Construir | Archery Range |
| 28:56 | Construir | Archery Range |
| 29:45 | Crear | Archer ×5 |
| 29:46 | Crear | Archer ×5 |
| 29:46 | Crear | Archer ×5 |
| 30:21 | Crear | Archer ×5 |
| 30:21 | Crear | Archer ×5 |
| 30:21 | Crear | Archer ×5 |
Cronología de la partida
| 5:27 | ice_tea91 · first_building Archery Range |
| 5:45 | ice_tea91 · first_building Stable |
| 6:52 | Mike Rotch · first_building Archery Range |
| 7:35 | fernando.endo · first_building Archery Range |
| 8:33 | SirOPL · resign |
| 10:10 | ice_tea91 · wall_segment Stone Wall x19 |
| 11:32 | Lanchita · first_building Stable |
| 11:45 | RC3D · first_building Archery Range |
| 12:07 | Lanchita · wall_segment Stone Wall x15 |
| 13:53 | RC3D · wall_segment Stone Wall x26 |
| 14:45 | Mike Rotch · first_building Barracks |
| 17:46 | RC3D · wall_segment Stone Wall x16 |
| 21:14 | [TkT] KkLoTo · first_building Archery Range |
| 22:14 | [TkT] KkLoTo · first_building Stable |
| 23:54 | Mike Rotch · first_building Siege Workshop |
| 26:27 | RC3D · first_building Stable |
| 29:26 | ice_tea91 · first_building Siege Workshop |
| 37:52 | [TkT] KkLoTo · wall_segment Palisade Wall x7 |
| 37:56 | [TkT] KkLoTo · wall_segment Palisade Wall x5 |
| 38:01 | [TkT] KkLoTo · wall_segment Palisade Wall x5 |
| 38:18 | [TkT] KkLoTo · wall_segment Palisade Wall x3 |
| 38:20 | [TkT] KkLoTo · wall_segment Palisade Wall x2 |
| 38:30 | [TkT] KkLoTo · wall_segment Palisade Wall x6 |
| 38:38 | [TkT] KkLoTo · wall_segment Palisade Wall x6 |
| 38:42 | [TkT] KkLoTo · wall_segment Palisade Wall x5 |
[ ANÁLISIS IA · 1 CRÉDITO ]
¿Qué pasó realmente en esta partida?
Wolo.gg analiza cada decisión: build order, eco, micro, errores típicos por bracket. Análisis personalizado por WhatsApp o Discord en 30 segundos.
Guía civ
Vikingos
Perfil
Jugador #783239